 Dungeon Crawl Stone Soup version 0.26.1 (console) character file.

Game seed: 8365835352659156009

90 woo the Chopper (level 4, 0/41 HPs)
             Began as a Hill Orc Monk on Feb 7, 2021.
             Slain by a frilled lizard (2 damage)
             ... on level 3 of the Dungeon.
             The game lasted 00:11:29 (2794 turns).

woo the Chopper (Hill Orc Monk)                     Turns: 2794, Time: 00:11:30

Health: 0/41       AC:  4    Str: 14    XL:     4   Next: 56%
Magic:  4/4        EV: 12    Int: 10    God:
Gold:   61         SH:  0    Dex: 13    Spells: 3/3 levels left

rFire    . . .     SeeInvis .   a - +0 hand axe
rCold    . . .     Faith    .   (no shield)
rNeg     . . .     Spirit   .   o - +0 leather armour
rPois    .         Reflect  .   (no helmet)
rElec    .         Harm     .   (no cloak)
rCorr    .         Rampage  .   (no gloves)
Will     .....                  m - +0 pair of boots
Stlth    ++........             (no amulet)
HPRegen  0.13/turn              (no ring)
MPRegen  0.09/turn              (no ring)

@: lethally poisoned (0 -> -14), about to teleport, hasted, very quick
A: no striking features
a: no special abilities


You were on level 3 of the Dungeon.
You visited 1 branch of the dungeon, and saw 3 of its levels.

You collected 61 gold pieces.

Inventory:

Hand Weapons
 a - a +0 hand axe (weapon)
Missiles
 e - 65 stones (quivered)
Armour
 b - a +0 robe
 m - a +0 pair of boots (worn)
 n - a +0 plate armour
 o - a +0 leather armour (worn)
Potions
 h - a potion of attraction
 i - a potion of resistance


   Skills:
 + Level 4.6 Fighting
 * Level 6.1 Axes
 - Level 2.4 Dodging
 - Level 1.5 Stealth


You had 3 spell levels left.
You didn't know any spells.
Your spell library was empty.

Dungeon Overview and Level Annotations

Branches:
Dungeon (3/15)

Altars:
Ashenzari

Annotations:
D:2 Sigmund


Message History

* * * LOW HITPOINT WARNING * * *
You feel sick. The worker ant closely misses you.
You hit the worker ant but do no damage.
The worker ant is almost dead.
You barely miss the frilled lizard.
* * * LOW HITPOINT WARNING * * *
You feel sick. The frilled lizard closely misses you.
Okay, then.
As you read the scroll labelled RYFILE PAFA, it crumbles to dust.
You feel strangely unstable.
It was a scroll of teleportation.
* * * LOW HITPOINT WARNING * * *
You feel sick. The worker ant barely misses you.
You hit the worker ant.
You kill the worker ant!
You miss the frilled lizard. The frilled lizard barely misses you.
Your Axes skill increases to level 6!
You miss the frilled lizard.
* * * LOW HITPOINT WARNING * * *
You feel sick. The frilled lizard bites you.
You die...

▒···········
▒···········
▒·····?····· ·
▒▒···········
··▒····r·······
···············
▒····l···▒
▒···@%···▒
▒▒▒▒▒▒▒▒▒▒


You could see a frilled lizard and a rat.

Vanquished Creatures
  A worker ant (D:3)
  An adder (D:1)
  An ufetubus (D:2)
  4 leopard geckos (D:1)
  4 goblins
  7 hobgoblins
  10 jackals (D:1)
  2 ball pythons (D:2)
  4 bats (D:1)
  A frilled lizard (D:1)
  4 kobolds
  5 rats
44 creatures vanquished.

Notes
Turn   | Place    | Note
-------+----------+-------------------------------------------
     0 | D:1      | woo the Hill Orc Monk began the quest for the Orb.
     0 | D:1      | Reached XP level 1. HP: 19/19 MP: 1/1
   232 | D:1      | Reached XP level 2. HP: 19/27 MP: 2/2
   803 | D:1      | Reached skill level 5 in Axes
   809 | D:1      | Reached XP level 3. HP: 26/33 MP: 3/3
  2170 | D:2      | Reached XP level 4. HP: 12/41 MP: 4/4
  2741 | D:2      | Found a broken altar of Ashenzari.
  2743 | D:2      | Noticed Sigmund
  2792 | D:3      | HP: 2/41 [poisoned by a worker ant]
  2794 | D:3      | Reached skill level 6 in Axes
  2794 | D:3      | Slain by a frilled lizard

Illustrated notes

Levels and vault maps discovered:
D:1:      heliophobic_arrival_dark_side_of_the_moon, layout_rooms,
          minmay_tripent
D:2:      layout_loops_ring, general_overflow_altar,
          lemuel_coloured_pillars_altar, lemuel_round_altar, uniq_sigmund
D:3:      layout_rooms, elyvilon_altar_4,
          nicolae_gozag_cash_rules_everything_around_me, uniq_crazy_yiuf_cottage

Skill      XL: |  1  2  3  4 |
---------------+-------------+-----
Fighting       | 4 |  4.6
Axes           | 5 6 |  6.1
Dodging        | |  2.4
Stealth        | |  1.5

Action                   |  1- 3 |  4- 6 || total
-------------------------+-------+-------++-------
Melee: Hand axe          |   154 |    23 ||   177
Throw: Stone             |    66 |    11 ||    77
  Use: Potion            |     7 |     1 ||     8
       Scroll            |     3 |     5 ||     8
 Stab: Invisible         |     1 |       ||     1
       Sleeping          |       |     1 ||     1
Armor: Robe              |    21 |       ||    21
       Leather armour    |       |     2 ||     2
Dodge: Dodged            |   133 |    19 ||   152
